 Dungeon Crawl Stone Soup version 0.26.0-16-gc1dbca0489 (webtiles) character file.

Game seed: 12175618483668194754

13 kaeus the Magician (level 2, -2/20 HPs)
             Began as a Demonspawn Hedge Wizard on Jan 21, 2021.
             Slain by a hobgoblin
             ... wielding a +0 club
              (6 damage)
             ... on level 1 of the Dungeon.
             The game lasted 00:01:41 (638 turns).

kaeus the Magician (Demonspawn Hedge Wizard)         Turns: 638, Time: 00:01:42

Health: -2/20      AC:  2    Str: 10    XL:     2   Next: 24%
Magic:  6/6        EV: 12    Int: 15    God:
Gold:   14         SH:  0    Dex: 12    Spells: 6/7 levels left

rFire    . . .     SeeInvis .   a - +0 dagger
rCold    . . .     Faith    .   (no shield)
rNeg     . . .     Spirit   .   b - +0 robe
rPois    .         Reflect  .   c - +0 hat
rElec    .         Harm     .   (no cloak)
rCorr    .         Rampage  .   (no gloves)
Will     .....                  (no boots)
Stlth    ++........             (no amulet)
HPRegen  0.06/turn              (no ring)
MPRegen  0.10/turn              (no ring)

@: no status effects
A: powered by pain 1
a: no special abilities


You were on level 1 of the Dungeon.
You visited 1 branch of the dungeon, and saw 1 of its levels.

You collected 14 gold pieces.

Inventory:

Hand Weapons
 a - a +0 dagger (weapon)
Armour
 b - a +0 robe (worn)
 c - a +0 hat (worn)
Scrolls
 d - 2 scrolls of identify {unknown}
 i - a scroll of enchant armour {unknown}
Potions
 e - a potion of cancellation {unknown}
 f - 2 potions of mutation {unknown}
 g - a potion of curing {unknown}
 h - a potion of invisibility {unknown}


   Skills:
 + Level 0.4 Fighting
 + Level 0.3 Short Blades
 + Level 2.0 Dodging
 + Level 2.1 Stealth
 + Level 3.1 Spellcasting
 - Level 1.0 Conjurations
 - Level 1.0 Summonings
 + Level 1.0 Translocations


You had 6 spell levels left.
You knew the following spells:

 Your Spells              Type           Power        Failure   Level
a - Magic Dart            Conj           20%          13%         1

Your spell library contained the following spells:

 Spells                   Type           Power        Failure   Level
 Blink                    Tloc           N/A          19%         2
 Call Imp                 Summ           5%           21%         2
 Slow                     Hex            2%           30%         2
 Conjure Flame            Conj/Fire      3%           43%         3
 Mephitic Cloud           Conj/Pois/Air  3%           45%         3


Dungeon Overview and Level Annotations

Branches:
Dungeon (1/15)

Altars:


Innate Abilities, Weirdness & Mutations

You sometimes gain a little power by taking damage.


Message History

You hit the hobgoblin.
The hobgoblin is severely wounded.
The rat bites you.
You hit the hobgoblin but do no damage.
The hobgoblin is severely wounded.
The hobgoblin hits you but does no damage.
The rat closely misses you.
You hit the hobgoblin but do no damage.
The hobgoblin is severely wounded.
The hobgoblin hits you with a +0 club. The rat bites you.
The hobgoblin hits you but does no damage.
You barely miss the hobgoblin.
The hobgoblin is severely wounded.
The hobgoblin hits you with a +0 club.
* * * LOW HITPOINT WARNING * * *
You barely miss the hobgoblin.
The hobgoblin is severely wounded.
The hobgoblin closely misses you. The hobgoblin hits you with a +0 club.
You die...

.# #.# .# #.# .#######.#
#. #.# ).....)..# #.# #.#
#.....# #.# #.# #.##.##
#.# #.# #. #r# #.# #.#
#.##g# #####.# #.# #..@.#
#...#.####.#
#.###..#####.......†..#
#..............#.######
#.. #####..#########.#
#..######..#########.####
#.......................##
#.########^#####..#..##..#
#.# #.# ##+###'###+## #.#
#.# #...#...#...#


You could see a hobgoblin and a rat.

Vanquished Creatures
  A dart slug (D:1)
  A leopard gecko (D:1)
  4 bats (D:1)
  2 giant cockroaches (D:1)
  A goblin (D:1)
  A kobold (D:1)
10 creatures vanquished.

Notes
Turn   | Place    | Note
-------+----------+-------------------------------------------
     0 | D:1      | kaeus the Demonspawn Hedge Wizard began the quest for the
                  | Orb.
     0 | D:1      | Reached XP level 1. HP: 13/13 MP: 4/4
   128 | D:1      | Reached skill level 1 in Translocations
   263 | D:1      | Gained mutation: You sometimes gain a little power by
                  | taking damage. [demonic ancestry]
   263 | D:1      | Reached XP level 2. HP: 12/20 MP: 0/6
   638 | D:1      | Slain by a hobgoblin

Illustrated notes

Levels and vault maps discovered:
D:1:      lightli_arrival_quake, layout_loops_ring

Skill      XL: |  1  2 |
---------------+-------+-----
Translocations | 1 |  1.0
Stealth        | 2 |  2.1
Dodging        | 2 |  2.0
Fighting       | |  0.4
Short Blades   | |  0.3
Spellcasting   | |  3.1
Conjurations   | |  1.0
Summonings     | |  1.0

Action                   || total
-------------------------++-------
Melee: Dagger            ||    30
 Cast: Magic Dart        ||    13
 Stab: Sleeping          ||     1
Armor: Robe              ||     3
Dodge: Dodged            ||    16
